 Dungeon Crawl Stone Soup version 0.20-a0-823-gdec668e (webtiles) character file.

322 Klosterheim the Carver (level 6, -2/51 HPs)
             Began as a Minotaur Abyssal Knight on Mar 5, 2017.
             Was a Priest of Lugonu.
             Slain by a wyvern zombie (5 damage)
             ... on level 4 of the Dungeon.
             The game lasted 00:07:11 (3957 turns).

Klosterheim the Carver (Minotaur Abyssal Knight)    Turns: 3957, Time: 00:07:12

Health: -2/51      AC:  5    Str: 18    XL:     6   Next: 22%
Magic:  6/6        EV:  7    Int:  9    God:    Lugonu [***...]
Gold:   201        SH:  7    Dex: 10    Spells: 5/5 levels left

rFire    . . .     SeeInvis .   a - +2 falchion
rCold    . . .     Gourm    .   j - +0 ring mail
rNeg     . . .     Faith    .   k - +0 shield
rPois    .         Spirit   .   (helmet restricted)
rElec    .         Reflect  .   (no cloak)
rCorr    .         Harm     .   (no gloves)
MR       .....                  (no boots)
Stlth    ..........             (no amulet)
Regen    0.2/turn               (no ring)
MPRegen  0.1/turn               (no ring)

@: no status effects
A: retaliatory headbutt, horns 2
a: Depart the Abyss, Bend Space, Banish, Renounce Religion


You were on level 4 of the Dungeon.
You worshipped Lugonu.
Lugonu was most pleased with you.
You were hungry.

You visited 1 branch of the dungeon, and saw 5 of its levels.
You visited the Abyss 1 time.

You collected 201 gold pieces.

Inventory:

Hand Weapons
 a - a +2 falchion (weapon)
 l - a +2 whip of holy wrath
Armour
 j - a +0 ring mail (worn)
 k - a +0 shield (worn)
Jewellery
 n - an uncursed amulet of regeneration {unknown}
Scrolls
 b - 2 scrolls of enchant weapon
 d - 3 scrolls of remove curse
 f - 5 scrolls of identify
 r - 2 scrolls of magic mapping {unknown}
 t - a scroll of noise {unknown}
Potions
 e - a potion of cancellation
 g - 2 potions of ambrosia {unknown}
 h - a potion of might {unknown}
 o - a potion of flight {unknown}
 p - a potion of agility {unknown}
 s - 3 potions of haste {unknown}
 u - a potion of degeneration {unknown}
Comestibles
 c - 4 bread rations
 i - 4 fruits
 m - a meat ration
 q - a royal jelly


   Skills:
 - Level 3.6 Fighting
 + Level 8.0 Long Blades
 - Level 2.4 Armour
 - Level 1.1 Dodging
 - Level 1.7 Invocations


You had 5 spell levels left.
You didn't know any spells.

Dungeon Overview and Level Annotations

Branches:
Dungeon (5/15)             Temple (0/1) D:5

Altars:
Ashenzari
Elyvilon
Hepliaklqana
Kikubaaqudgha
Makhleb
Okawaru
Ru
Yredelemnul


Innate Abilities, Weirdness & Mutations

You reflexively headbutt those who attack you in melee.
You have a pair of horns on your head.


Message History

You barely miss the wyvern zombie. You headbutt the wyvern zombie.
The wyvern zombie is severely damaged.
The wyvern zombie bites you!
* * * LOW HITPOINT WARNING * * *
The wyvern zombie bites you.
* * * LOW HITPOINT WARNING * * *
You slash the wyvern zombie!
The wyvern zombie is severely damaged.
You block the wyvern zombie's attack.
You hit the wyvern zombie.
The wyvern zombie is almost destroyed.
The wyvern zombie closely misses you.
You hit the wyvern zombie.
The wyvern zombie is almost destroyed.
You block the wyvern zombie's attack. x2
You hit the wyvern zombie but do no damage.
You headbutt the wyvern zombie, but do no damage.
The wyvern zombie is almost destroyed.
The wyvern zombie bites you.
You die...

................##.#........# #..
.............##.##.####.....###..
####...#####.......####.....#....
.............##.......#######...#
####...#######...####.# #...#
####...# #.....# # #...# ##.....#
#...#.# #.... ##.##.## ##.##.##.#
#8.## ##.##.# #.@Z....# ...###.
......############.#### ....# #.
##...........# .. .... #.
...###.##.##.#### ## ### ## ##.#
#.##.##....# ##.# #.##.<.....#
##.###.#####....#
.......#####.#.##
#####........#.#


You could see a wyvern zombie.

Vanquished Creatures
  A crimson imp (D:5)
  2 orc priests (D:4)
  A hound (D:5)
  A hound skeleton (D:3)
  7 adders
  An ooze (D:2)
  3 dart slugs
  A worm (D:2)
  7 leopard geckos
  10 orcs
  2 ball pythons
  9 giant cockroaches
  5 goblins
  7 hobgoblins
  7 jackals
  10 bats
  2 frilled lizards
  A jackal zombie (D:4)
  9 kobolds
  A kobold zombie (D:4)
  A quokka skeleton (D:5)
  6 rats
94 creatures vanquished.

Notes
Turn   | Place    | Note
-------+----------+-------------------------------------------
     0 | Abyss:1  | Klosterheim the Minotaur Abyssal Knight began the quest for the Orb.
     0 | Abyss:1  | Reached XP level 1. HP: 19/19 MP: 1/1
    12 | Abyss:1  | Found an ornate altar of the Wu Jian Council.
    92 | Abyss:1  | Noticed an apocalypse crab
   133 | Abyss:2  | Noticed an earth elemental
   142 | Abyss:2  | Noticed a starcursed mass
   150 | D:1      | Escaped the Abyss
   443 | D:1      | Reached skill level 3 in Long Blades
   567 | D:1      | Reached XP level 2. HP: 26/26 MP: 2/2
   568 | D:1      | Reached * piety under Lugonu
   757 | D:1      | Reached skill level 4 in Long Blades
   878 | D:1      | Reached XP level 3. HP: 27/31 MP: 3/3
  1513 | D:2      | Reached skill level 5 in Long Blades
  1554 | D:2      | Reached ** piety under Lugonu
  1565 | D:2      | Reached XP level 4. HP: 34/39 MP: 4/4
  1983 | D:3      | Found an iron altar of Okawaru.
  2110 | D:3      | Reached skill level 6 in Long Blades
  2225 | D:3      | Found a sacrificial altar of Ru.
  2227 | D:3      | Found an ancient bone altar of Kikubaaqudgha.
  2253 | D:3      | Found a hazy altar of Hepliaklqana.
  2308 | D:3      | Found a white marble altar of Elyvilon.
  2311 | D:3      | Reached XP level 5. HP: 42/45 MP: 5/5
  2645 | D:3      | Found a shattered altar of Ashenzari.
  3023 | D:4      | Found a burning altar of Makhleb.
  3027 | D:4      | Noticed a phantom
  3279 | D:4      | Reached *** piety under Lugonu
  3292 | D:4      | Reached skill level 7 in Long Blades
  3308 | D:5      | Entered Level 5 of the Dungeon
  3349 | D:5      | Found a staircase to the Ecumenical Temple.
  3351 | D:5      | Reached XP level 6. HP: 32/51 MP: 6/6
  3455 | D:5      | Noticed a sky beast
  3465 | D:4      | Reached skill level 8 in Long Blades
  3754 | D:4      | Noticed a human
  3755 | D:4      | Found a runed door.
  3759 | D:4      | Found a basalt altar of Yredelemnul.
  3953 | D:4      | HP: 2/51 [wyvern zombie (6)]
  3957 | D:4      | Slain by a wyvern zombie

Vault maps used:
D:1:      dpeg_arrival_arbitrary_b, serial_park_tiny_2, kennysheep_another_room
D:3:      elyvilon_altar_4, lemuel_crystal_altar,
          nicolae_overflow_hidden_temple, nicolae_overflow_crystal_walls
D:4:      lightli_temple_of_fire, lemuel_doored_altar, minivault_25,
          dk_yredelemnul_ordeal
D:5:      grunt_qazlal_clouds, minmay_temple_entry_mist, first_bread

Skill      XL: |  1  2  3  4  5  6 |
---------------+-------------------+-----
Long Blades    | 3 4 5 6 7 8 |  8.0
Fighting       | |  3.6
Armour         | |  2.4
Dodging        | |  1.1
Invocations    | |  1.7

Action                   |  1- 3 |  4- 6 || total
-------------------------+-------+-------++-------
Melee: Falchion          |    81 |   182 ||   263
       Headbutt          |     8 |    27 ||    35
Invok: Depart the Abyss  |     1 |       ||     1
  Use: Scroll            |     1 |     6 ||     7
       Potion            |       |     1 ||     1
  Eat: Chunk             |     2 |     7 ||     9
Armor: Leather armour    |    14 |       ||    14
       Ring mail         |    31 |    65 ||    96
Dodge: Dodged            |    60 |    54 ||   114
Block: Shield            |     6 |    65 ||    71
       Rpst.: Falchion   |    12 |    24 ||    36
